 Dungeon Crawl Stone Soup version 0.16-a0-4044-gd6c5e7b (console) character file.

88 nht the Chopper (level 4, -3/33 HPs)
             Began as a Demonspawn Gladiator on Feb 19, 2015.
             Killed from afar by Crazy Yiuf (8 damage)
             ... with a wand of magic darts
             ... on level 2 of the Dungeon.
             The game lasted 00:01:55 (1170 turns).

nht the Chopper (Demonspawn Gladiator)              Turns: 1170, Time: 00:01:55

Health: -3/33      AC:  8    Str: 16    XL:     4   Next: 29%
Magic:  4/4        EV: 13    Int: 14    God:
Gold:   117        SH:  0    Dex: 19    Spells: 0 memorised, 3 levels left

rFire  . . .     SeeInvis .     a - +0 war axe
rCold  + . .     Clarity  .     h - +0 chain mail {rC+}
rNeg   . . .     SustAb   .     (no shield)
rPois  .         Gourm    .     (helmet restricted)
rElec  .         Spirit   .     (no cloak)
rCorr  .         Warding  .     (no gloves)
rMut   .         Stasis   .     (no boots)
MR     .....                    (no amulet)
Stlth  ..........               (no ring)
                                (no ring)

@: brilliant, agile, not resistant to hostile enchantments, extremely unstealthy
A: antennae 1, rot immunity
a: no special abilities


You were on level 2 of the Dungeon.
You were very hungry.

You visited 1 branch of the dungeon, and saw 2 of its levels.

You collected 117 gold pieces.

Inventory:

Hand weapons
 a - a +0 war axe (weapon)
Missiles
 d - 3 throwing nets (quivered)
Armour
 b - a +0 leather armour
 c - a +0 helmet
 h - a +0 chain mail of cold resistance (worn)
Jewellery
 o - an uncursed ring of positive energy {unknown}
 t - an uncursed amulet of resist corrosion {unknown}
Scrolls
 e - 5 scrolls of remove curse {unknown}
 g - 2 scrolls of teleportation {unknown}
 i - a scroll of identify {unknown}
 j - a scroll of fear {unknown}
 k - a scroll of immolation {unknown}
 l - a scroll of enchant weapon {unknown}
 n - 3 scrolls of amnesia {unknown}
 q - a scroll of random uselessness {unknown}
 r - a scroll of recharging {unknown}
Potions
 s - a potion of agility
Comestibles
 f - a bread ration
 v - a slice of pizza


   Skills:
 - Level 2.0 Fighting
 + Level 4.6 Axes
 - Level 1.7 Throwing
 - Level 2.6 Dodging


You had 3 spell levels left.
You didn't know any spells.

Dungeon Overview and Level Annotations

Branches:
Dungeon (2/15)

Altars:

Annotations:
D:2 Crazy Yiuf


Innate Abilities, Weirdness & Mutations

You have a pair of small antennae on your head.
You are immune to rotting.


Message History

Crazy Yiuf is moderately wounded.
Crazy Yiuf hits you with a quarterstaff of chaos.
* * * LOW HITPOINT WARNING * * *
You closely miss Crazy Yiuf.
Crazy Yiuf is moderately wounded.
Crazy Yiuf barely misses you.
You hit Crazy Yiuf.
Crazy Yiuf is moderately wounded.
Crazy Yiuf zaps a wand.
The magic dart hits you!
* * * LOW HITPOINT WARNING * * *
Drink which item? (? for menu, Esc to quit)
You feel better.
Crazy Yiuf zaps a wand.
The magic dart hits you!
You hit Crazy Yiuf.
Crazy Yiuf is severely wounded.
Crazy Yiuf zaps a wand.
The magic dart hits you!
* * * LOW HITPOINT WARNING * * *
You closely miss Crazy Yiuf.
Crazy Yiuf is severely wounded.
Crazy Yiuf zaps a wand.
The magic dart hits you!
You die... ████.......'........█.█ █..... ███████████........█.████.███ █.........'........█....█..██ ███ █.███.█.███........████.██.██ ..█ █..<█.███ ████████......██'██ █+███......█ ██████...... ....+......█ █████

█......
....█......█
█..)█
█......
....†......█
█...█
█......
....█......█
█g..█
██████......
)...█......█
█@█
█...........
.......†...█
♣♣.♣
█...........
...........█
♣.♣♣
█...........
...........█
♣♣.♣
██████......
██.........█
♣.♣♣
██████......
█.........█
♣♣.♣♣
█...........
█.....█████
♣...♣♣
█..........█
█.....█
♣....♣
█........÷.█


███████ █....█ █..........█ █....████..(...÷...█ ██.............÷...█ You could
see Crazy Yiuf.

Vanquished Creatures
  Ijyb (D:2)
  Terence (D:2)
  An adder (D:2)
  A worm (D:2)
  A giant gecko (D:2)
  4 bats
  2 giant cockroaches (D:2)
  12 hobgoblins
  3 jackals (D:2)
  5 goblins
  3 kobolds
  8 rats
42 creatures vanquished.

Notes
Turn   | Place    | Note
--------------------------------------------------------------
     0 | D:1      | nht, the Demonspawn Gladiator, began the quest for the Orb.
     0 | D:1      | Reached XP level 1. HP: 16/16 MP: 1/1
    26 | D:1      | Reached skill level 3 in Axes
   132 | D:1      | Gained mutation: You are immune to rotting. [demonic ancestry]
   132 | D:1      | Reached XP level 2. HP: 22/22 MP: 2/2
   442 | D:2      | Noticed Terence
   460 | D:2      | Killed Terence
   460 | D:2      | Reached XP level 3. HP: 27/27 MP: 3/3
   495 | D:2      | Noticed Ijyb
   496 | D:2      | Reached skill level 4 in Axes
   521 | D:2      | Killed Ijyb
   649 | D:2      | Gained mutation: You have a pair of small antennae on your head. [demonic ancestry]
   649 | D:2      | Reached XP level 4. HP: 30/33 MP: 4/4
  1152 | D:2      | Noticed Crazy Yiuf
  1170 | D:2      | Killed from afar by Crazy Yiuf

Action                   |  1- 3 |  4- 6 || total
-------------------------+-------+-------++-------
Melee: War axe           |    92 |    62 ||   154
  Use: Potion            |     3 |     6 ||     9
